 Dungeon Crawl Stone Soup version 0.31-a0-844-gdc52ec4e09 (webtiles) character file.

Game seed: 6571725128894032925

3681 RepoMan the Grappler (level 9, 0/91 HPs)
             Began as a Troll Fighter on Sept 28, 2023.
             Was a Believer of Wu Jian.
             Succumbed to a hornet's poison
             ... on level 7 of the Dungeon.
             The game lasted 00:39:49 (6563 turns).

RepoMan the Grappler (Troll Fighter)                Turns: 6563, Time: 00:39:49

Health: 0/91       AC:  4    Str: 26    XL:     9   Next: 90%
Magic:  8/8        EV:  9    Int:  8    God:    Wu Jian [**....]
Gold:   166        SH:  9    Dex:  9    Spells: 8/8 levels left

rFire   . .          .
                       - Unarmed
rCold   . . .        b - +0 kite shield
rNeg    . . .        a - +0 robe
rPois   .            (helmet restricted)
rElec   .            (no cloak)
rCorr   +            (gloves unavailable)
SInv    .            (boots unavailable)
Will    .....        (no amulet)
Stlth   +            G - ring of resist corrosion
HPRegen 1.15/turn    z - ring of flight
MPRegen 0.11/turn

%: no passive effects
@: mighty, lethally poisoned (0 -> -16), flying, slowed, very slow
A: large, unfitting armour, claws 3, regeneration 1, shaggy fur 1, tough skin 1
a: Renounce Religion, Wall Jump


You were on level 7 of the Dungeon.
You worshipped Wu Jian.
Wu Jian was pleased with you.
You visited 2 branches of the dungeon, and saw 8 of its levels.
You also visited: Sewer.

You collected 408 gold pieces.
You spent 242 gold pieces at shops.

Inventory:

Missiles
 d - 5 boomerangs (quivered)
 e - 20 poisoned darts
Armour
 a - a +0 robe (worn)
 b - a +0 kite shield (worn)
Jewellery
 o - a +6 ring of intelligence
 z - a ring of flight (right claw)
 G - a ring of resist corrosion (left claw)
Talismans
 H - a maw talisman
Wands
 B - a wand of flame (31)
Scrolls
 g - a scroll of fear
 h - a scroll of immolation
 i - 2 scrolls of poison {unknown}
 k - 3 scrolls of teleportation
 l - a scroll of enchant armour {unknown}
 n - a scroll of revelation {unknown}
 s - a scroll of blinking {unknown}
 u - 2 scrolls of vulnerability {unknown}
 y - a scroll of enchant weapon {unknown}
 E - a scroll of noise {unknown}
 F - 3 scrolls of silence
Potions
 c - 2 potions of invisibility
 f - 3 potions of heal wounds
 m - 2 potions of attraction
 p - a potion of lignification
 q - a potion of berserk rage {unknown}
 t - 2 potions of cancellation {unknown}
 v - a potion of magic {unknown}
 w - a potion of ambrosia {unknown}
 x - 5 potions of curing
 A - a potion of enlightenment {unknown}
 C - a potion of might


   Skills:
 + Level 6.3 Fighting
 + Level 3.2 Dodging
 + Level 6.9 Shields
 * Level 10.1 Unarmed Combat


You had 8 spell levels left.
You didn't know any spells.
Your spell library contained the following spells:

 Spells                   Type           Power      Damage    Failure   Level
 Freeze                   Ice            0%         1d3       63%         1
 Ensorcelled Hibernation  Hex/Ice        0%         N/A       77%         2
 Jinxbite                 Hex            0%         N/A       77%         2
 Frozen Ramparts          Ice            0%         1d1       94%         3
 Hailstorm                Conj/Ice       0%         3d3       94%         3
 Anguish                  Hex/Necr       0%         N/A       100%        4
 Manifold Assault         Tloc           0%         N/A       100%        4
 Petrify                  Tmut/Erth      0%         N/A       100%        4
 Metabolic Englaciation   Hex/Ice        0%         N/A       100%        5
 Dispersal                Tloc           0%         N/A       100%        6
 Disjunction              Tloc           0%         N/A       100%        8


Dungeon Overview and Level Annotations

Branches:
Dungeon (7/15)             Temple (1/1) D:4           Sewer (visited)

Altars:
Ashenzari
Cheibriados
Dithmenos
Elyvilon
Fedhas
Gozag
Kikubaaqudgha
Makhleb
Nemelex Xobeh
Qazlal
Ru
Sif Muna
Trog
Uskayaw
Vehumet
Wu Jian
The Shining One

Shops:
D:2 :   D:3 !   D:4 :   D:5 :


Innate Abilities, Weirdness & Mutations

You are too large for most types of armour.
You have claws for hands.
Your natural rate of healing is unusually fast.
You are covered in fur. (AC +1)
You have tough skin. (AC +1)


Message History

You feel sick. The hornet stings you!
You feel yourself slow down.
You closely miss the hornet.
You feel sick. You block the hornet's attack. x2
You scratch the hornet.
The hornet is lightly wounded.
You feel sick.
You are no longer poisoned.
You block the hornet's attack.
The hornet stings you but does no damage.
You claw the hornet!
The hornet is heavily wounded.
You feel yourself speed up. The hornet stings you!
You suddenly lose the ability to move!
The hornet stings you!
You are poisoned.
You feel yourself slow down.
You feel very sick. The hornet stings you.
You are more poisoned.
You feel as though you will be slow longer.
The hornet stings you!
You are more poisoned.
You feel as though you will be slow longer.
* * * LOW HITPOINT WARNING * * *
You feel extremely sick. The hornet stings you!
* * * LOW HITPOINT WARNING * * *
You feel as though you will be slow longer.
You can move again.
Press: ? - help, v - describe, . - travel, g - get item
Here: a hornet (heavily wounded) Item here: a curare-tipped dart.
The floor.
You are mighty.
You are lethally poisoned (7 -> -9).
You are flying.
You are slowed.
Your flying speed is very slow.
Your attack delay is about 1.3 (and is slowed by your shield).
Your damage rating with unarmed combat is about 29 (Base [9 + 10 (UC)] x 140% (Str) x 110% (Fight)).
Unknown command.
As you read the scroll of fear, it crumbles to dust.
You assume a fearsome visage.
The hornet looks frightened!
You die...

###################......#
#.................)).....#
..##################.....#
### #.....# # ##.....#
###......# ##........#
#..##.....# #@##......#
##.#y#.......#
...#....###### .
##./(...## ....
..###.>..##.### ....
..............# ......
.......(.K....# ......
..............#
.........^....<....$.#


You could see a hornet (fleeing).

Vanquished Creatures
  Pikel (D:4)
  Grinder (D:3)
  Sigmund (D:3)
  Edmund (D:6)
  Duvessa (D:5)
  A water moccasin (D:6)
  2 black bears (D:6)
  An ice beast (D:5)
  An orc warrior (D:6)
  4 ogres
  2 centaurs
  2 lemures (D:4)
  4 kobold brigands
  A bullfrog (D:6)
  A scorpion (D:5)
  5 wights (D:4)
  Dowan (D:5)
  4 killer bees
  A howler monkey (D:5)
  2 jellies (D:6)
  2 hounds
  2 orc priests
  4 orc wizards
  2 sleepcaps (D:5)
  2 iguanas
  Terence (D:2)
  Natasha (D:2)
  Robin (D:3)
  2 river rats (Sewer)
  17 adders
  A shadow imp (D:6)
  An ufetubus (D:5)
  7 worms
  3 dart slugs
  23 orcs
  11 ball pythons
  6 bats
  13 endoplasms
  5 giant cockroaches
  18 goblins
  5 hobgoblins
  7 jackals
  7 quokkas
  2 frilled lizards (D:1)
  19 kobolds
  7 rats
206 creatures vanquished.

Notes
Turn   | Place    | Note
-------+----------+-------------------------------------------
     0 | D:1      | RepoMan the Troll Fighter began the quest for the Orb.
     0 | D:1      | Reached XP level 1. HP: 22/22 MP: 0/0
   112 | D:1      | Reached XP level 2. HP: 29/29 MP: 1/1
   400 | D:1      | Reached XP level 3. HP: 36/36 MP: 2/2
   778 | D:1      | Reached skill level 3 in Unarmed Combat
   954 | D:2      | Noticed Natasha
   964 | D:2      | Killed Natasha
  1074 | D:2      | Reached XP level 4. HP: 44/44 MP: 3/3
  1138 | D:2      | Found Wahuss's Book Shop.
  1547 | D:2      | Noticed Terence
  1566 | D:2      | Killed Terence
  1714 | D:2      | Reached XP level 5. HP: 53/53 MP: 4/4
  1816 | D:2      | Reached skill level 4 in Unarmed Combat
  1980 | D:3      | Noticed Robin
  1992 | D:3      | Killed Robin
  2029 | D:3      | Noticed Sigmund
  2094 | D:3      | Noticed Grinder
  2094 | D:3      | Paralysed by Grinder for 2 turns
  2113 | D:3      | Killed Grinder
  2114 | D:3      | Reached skill level 5 in Unarmed Combat
  2114 | D:3      | Reached XP level 6. HP: 57/62 MP: 5/5
  2211 | D:4      | Found a glowing drain.
  2215 | Sewer    | Entered a sewer
  2352 | Sewer    | Reached XP level 7. HP: 68/68 MP: 6/6
  2794 | Sewer    | Reached skill level 6 in Unarmed Combat
  3022 | D:4      | Noticed Pikel
  3032 | D:4      | Killed Pikel
  3033 | D:4      | Reached skill level 5 in Shields
  3033 | D:4      | Reached skill level 7 in Unarmed Combat
  3033 | D:4      | Reached XP level 8. HP: 79/79 MP: 7/7
  3096 | D:4      | Reached skill level 5 in Fighting
  3157 | D:4      | Found Jiaxeru's Vocational Training.
  3212 | D:4      | Found a staircase to the Ecumenical Temple.
  3238 | Temple   | Entered the Ecumenical Temple
  3271 | Temple   | Became a worshipper of the Wu Jian Council
  3339 | D:4      | Found a shadowy altar of Dithmenos.
  3630 | D:3      | Found a radiant altar of Vehumet.
  3735 | D:3      | Killed Sigmund
  3736 | D:3      | Reached skill level 8 in Unarmed Combat
  3812 | D:3      | Found Xumid's Distillery.
  3833 | D:3      | Bought 2 potions of curing for 66 gold pieces
  3833 | D:3      | Bought a potion of curing for 33 gold pieces
  3833 | D:3      | Bought a potion of curing for 33 gold pieces
  4198 | D:3      | Bought a potion of heal wounds for 55 gold pieces
  4198 | D:3      | Bought a potion of heal wounds for 55 gold pieces
  4235 | D:5      | Entered Level 5 of the Dungeon
  4260 | D:5      | Found a hide-covered altar of Uskayaw.
  4340 | D:5      | Noticed Duvessa
  4340 | D:5      | Noticed Dowan
  4353 | D:5      | Killed Duvessa
  4361 | D:5      | Killed Dowan
  4379 | D:5      | Found Miliden's Tremendous Tomes.
  4446 | D:5      | Reached * piety under Wu Jian
  4532 | D:5      | Reached XP level 9. HP: 88/88 MP: 8/8
  4772 | D:6      | Reached skill level 9 in Unarmed Combat
  4857 | D:6      | Noticed Edmund
  4879 | D:6      | Killed Edmund
  4982 | D:6      | Found a shimmering blue altar of Sif Muna.
  6034 | D:7      | Found a glowing golden altar of the Shining One.
  6341 | D:7      | Reached skill level 10 in Unarmed Combat
  6519 | D:7      | Reached ** piety under Wu Jian
  6560 | D:7      | Paralysed by a hornet for 3 turns
  6563 | D:7      | Succumbed to a hornet's poison

Illustrated notes

Levels and vault maps discovered:
D:1:      dpeg_chamrin_arrival_tetris, layout_basic
D:2:      layout_basic, serial_shops, shop, uniq_natasha, uniq_terence
D:3:      layout_loops_ring, nicolae_vehumet_radiance, serial_shops, shop,
          glass_columns_c, minivault_11, minmay_gold_behind_fungi, uniq_robin,
          uniq_sigmund, uniq_grinder
D:4:      layout_rooms, pf_just_have_faith,
          minmay_temple_entry_drinking_statues, gup_sewer_entry_spiral,
          kennysheep_doodads, nicolae_shop_vocational, uniq_pikel
D:5:      layout_rooms, eat_drink_and_be_merry_uskayaw, kennysheep_minor_cross,
          nicolae_shop_i_like_big_books, uniq_duvessa
D:6:      layout_layer_cave, nicolae_sif_muna_condensation, uniq_edmund
D:7:      layout_rooms, mainiacjoe_overflow_24_doors
Temple:   nicolae_temple_godzebo

Skill      XL: |  1  2  3  4  5  6  7  8  9 |
---------------+----------------------------+-----
Shields        | 3 4 5 6 |  6.9
Unarmed Combat | 3 5 7 8 10 | 10.1
Fighting       | 3 4 5 6 |  6.3
Dodging        | 3 |  3.2

Action                     |  1- 3 |  4- 6 |  7- 9 || total
---------------------------+-------+-------+-------++-------
  Melee: Unarmed           |    51 |   139 |   355 ||   545
  Throw: Boomerang         |    13 |     8 |    19 ||    40
         Dart              |     1 |     4 |     5 ||    10
         Stone             |       |       |    37 ||    37
         Throwing net      |       |       |     2 ||     2
Ability: Lunge             |       |       |    23 ||    23
         Whirlwind         |       |       |     1 ||     1
  Evoke: Wand              |       |       |     3 ||     3
    Use: Potion            |       |     1 |     6 ||     7
         Scroll            |       |       |    10 ||    10
   Stab: Invisible         |       |       |     2 ||     2
 Armour: Robe              |    12 |    43 |   146 ||   201
         Skin              |       |       |     5 ||     5
  Dodge: Dodged            |     9 |    31 |    77 ||   117
  Block: Kite shield       |    15 |    35 |   110 ||   160

Table legend: (Time is in decaauts)
 A = Elapsed time spent in this place.
 B = Non-inter-level travel time spent in this place.
 C = Inter-level travel time spent in this place.
 D = Time resting spent in this place.
 E = Time spent auto-exploring this place.
 F = Levels seen in this place.
 G = Mean time per level.
                   A        B        C        D        E       F      G
               +--------+--------+--------+--------+--------+-----+--------+
         Total |   6628 |   6190 |    438 |    351 |   3760 |   9 |  736.4 |
       Dungeon |   5953 |   5579 |    374 |    351 |   3438 |   7 |  850.4 |
        Temple |     66 |      2 |     64 |      0 |      0 |   1 |   66.0 |
         Sewer |    607 |    607 |      0 |      0 |    322 |   1 |  607.0 |
               +--------+--------+--------+--------+--------+-----+--------+

Top non-repeatable levels by time:
     D:6: 1470 daAuts
     D:2: 1159 daAuts
     D:1: 919 daAuts
     D:4: 881 daAuts
     D:3: 696 daAuts
   Sewer: 607 daAuts
     D:5: 497 daAuts
     D:7: 328 daAuts
  Temple: 66 daAuts
